 Dungeon Crawl Stone Soup version 0.27.1-1-g398f81649c (webtiles) character file.

Game seed: 12451200758087520777

23629 ZARRMARR the Destroyer (level 13, -8/71 HPs)
             Began as an Octopode Conjurer on Sept 5, 2021.
             Was an Elder of Sif Muna.
             Killed by refrigeration
             ... invoked by Fannar
              (9 damage)
             ... on level 12 of the Dungeon on Sept 6, 2021.
             The game lasted 01:40:31 (21017 turns).

ZARRMARR the Destroyer (Octopode Conjurer)         Turns: 21017, Time: 01:40:34

Health: -8/71      AC:  5    Str:  8    XL:     13   Next: 7%
Magic:  17/28      EV: 36    Int: 24    God:    Sif Muna [****..]
Gold:   443        SH:  8    Dex: 12    Spells: 27/34 levels left

rFire    + . .     SeeInvis .   (no weapon)
rCold    + . .     Faith    .   y - +3 buckler {reflect}
rNeg     . . .     Spirit   .   (helmet restricted)
rPois    +         Reflect  +   e - amulet of the acrobat
rElec    .         Harm     .   f - +4 ring of evasion
rCorr    .         Rampage  .   m - +4 ring of evasion
Will     +....                  n - ring of willpower
Stlth    +++.......             o - ring of protection from fire
HPRegen  0.21/turn              s - ring of the Will of the Gods {AC+4 Str+2}
MPRegen  0.21/turn              t - ring of protection from cold
                                a - ring of poison resistance
                                (no ring)

@: about to teleport, acrobatic
A: almost no armour, amphibious, 8 rings, camouflage 1, gelatinous body 1,
(nimble swimmer 1), tentacles
a: Renounce Religion, Channel Magic, Forget Spell, Divine Exegesis


You were on level 12 of the Dungeon.
You worshipped Sif Muna.
Sif Muna was greatly pleased with you.
You visited 3 branches of the dungeon, and saw 16 of its levels.

You collected 915 gold pieces.
You spent 472 gold pieces at shops.

Inventory:

Missiles
 r - 2 throwing nets
Armour
 y - a +3 buckler of reflection (worn)
Jewellery
 a - a ring of poison resistance (on tentacle)
 e - an amulet of the acrobat (around mantle)
 f - a +4 ring of evasion (left tentacle)
 m - a +4 ring of evasion (right tentacle)
 n - a ring of willpower (on tentacle)
 o - a ring of protection from fire (on tentacle)
 s - the ring of the Will of the Gods (on tentacle) {AC+4 Str+2}
   (You bought it in a shop on level 3 of the Dungeon)

   [ring of protection]

   AC:        It affects your AC (+4).
   Str:       It affects your strength (+2).
 t - a ring of protection from cold (on tentacle)
 B - a ring of flight
Wands
 j - a wand of acid (8)
 p - a wand of charming (8)
 z - a wand of iceblast (20)
Scrolls
 c - 2 scrolls of torment
 d - 6 scrolls of amnesia
 g - a scroll of vulnerability
 h - 4 scrolls of fear
 k - a scroll of enchant armour
 q - a scroll of holy word
 A - a scroll of immolation
 D - a scroll of blinking {unknown}
Potions
 b - 4 potions of curing
 i - a potion of brilliance {unknown}
 l - a potion of heal wounds
 u - 3 potions of mutation
 v - 2 potions of ambrosia
Miscellaneous
 C - a phial of floods (inert)


   Skills:
 - Level 2.0 Dodging
 - Level 2.6 Stealth
 - Level 4.0 Shields
 + Level 11.4 Spellcasting
 + Level 12.7 Conjurations
 + Level 12.1 Translocations


You had 27 spell levels left.
You knew the following spells:

 Your Spells              Type           Power      Damage    Failure   Level
a - Magic Dart            Conj           100%       1d8       1%          1
b - Searing Ray           Conj           100%       3d7       1%          2
c - Iskenderun's Mystic   Conj/Tloc      65%        2d13      1%          4

Your spell library contained the following spells:

 Spells                   Type           Power      Damage    Failure   Level
 Dazzling Flash           Conj/Hex       88%        N/A       1%          3
 Fulminant Prism          Conj/Hex       22%        3d13      3%          4
 Slow                     Hex            13%        N/A       7%          2
 Confusing Touch          Hex            13%        N/A       14%         3
 Ozocubu's Armour         Ice            13%        N/A       14%         3
 Vampiric Draining        Necr           6%         2d6       14%         3
 Animate Dead             Necr           6%         N/A       41%         4
 Metabolic Englaciation   Hex/Ice        6%         N/A       77%         5
 Yara's Violent Unravell  Hex/Tmut       6%         3d5       77%         5
 Simulacrum               Ice/Necr       6%         N/A       100%        6
 Haunt                    Necr/Summ      6%         N/A       100%        7
 Infestation              Necr           6%         N/A       100%        8


Dungeon Overview and Level Annotations

Branches:
Dungeon (13/15)            Temple (1/1) D:5            Lair (2/6) D:8
 Spider (0/4) Lair:2          Orc (0/2) D:10         Vaults (0/5) D:13
  Swamp: Lair:2-4    Shoals: Lair:2-4

Altars:
Ashenzari
Cheibriados
Dithmenos
Elyvilon
Fedhas
Gozag
Hepliaklqana
Kikubaaqudgha
Makhleb
Nemelex Xobeh
Okawaru
Qazlal
Ru
Sif Muna
Trog
Uskayaw
Vehumet
Xom
Yredelemnul
Zin
The Shining One

Shops:
D:3 =

Annotations:
D:5 3 runed translucent doors, RatsInWalls's ghost, novice GnCK
D:9 Maggie
D:12 exclusions: cyclops and oklob plant, Fannar
D:13 exclusion: ugly thing
Lair:2 2 transporters, exclusions: cane toad, catoblepas, 3 elephants, lava snake and water moccasin, COBRA's ghost, journeyman HOFi; Urug


Innate Abilities, Weirdness & Mutations

You cannot wear most types of armour.
You are amphibious.
You can wear up to eight rings at the same time.
Your skin changes colour to match your surroundings (Stealth+).
Your rubbery body absorbs attacks. (AC +1, EV +1)
((You are camouflaged near water. (Stealth+)))
You have tentacles for arms and can constrict up to eight enemies at once.


Message History

The very large slime creature hits you!!
The searing ray misses the very large slime creature.
You finish channeling your searing ray.
The very large slime creature hits you!!!
Ouch! That really hurt!
* * * LOW HITPOINT WARNING * * *
Unknown command.
Casting: Searing Ray (safe; 1% risk of failure)
Confirm with . or Enter, or press ? or * to list all spells.
You erupt in a blast of force!
The mystic blast hits the slime creature!!
The slime creature is moderately wounded.
The slime creature is knocked back by the mystic blast.
The mystic blast hits the very large slime creature.
The very large slime creature is severely wounded.
The very large slime creature is knocked back by the mystic blast.
Two slime creatures merge to form an enormous slime creature.
Two slime creatures merge to form a titanic slime creature.
There is an escape hatch in the ceiling here.
A mysterious force pulls you upwards. The hatch slams shut behind you.
Level annotation: exclusions: cyclops and oklob plant, Fannar You start resting.
Fannar is nearby!
Fannar shouts!
Fannar drinks a potion.
Fannar seems to speed up.
Fannar mumbles some strange words.
As you read the scroll of teleportation, it crumbles to dust.
You feel strangely unstable.
Fannar mumbles some strange words.
Fannar drains the heat from the surrounding environment!
You resist.
* * * LOW HITPOINT WARNING * * *
Fannar mumbles some strange words.
Fannar drains the heat from the surrounding environment!
You resist.
* * * LOW HITPOINT WARNING * * *
Fannar gestures wildly while chanting.
Fannar drains the heat from the surrounding environment!
You resist.
You die...

. #. #.# ######
..#.#####.#######....#
................#....#
####.####+#####'#....#
.....#.....[.........#
###...............####
.............!.......#
###...#..eY.....####.##
#...#.#'#####.@.....#
###...#.#.# #.......#
..........#
##.......###
....^......
>..........##
..##..$...C
.#......#...# ..'...##
..#......#...###
..##..# #.
#............. ..'...#
#. #......##..###
..#...# .#......# #..#


You could see Fannar (fast) and an ice beast (summoned).

Vanquished Creatures
  A slime creature (D:12)
  A boulder beetle (D:12)
  An ogre mage (D:13)
  A centaur warrior (D:13)
  2 two-headed ogres
  A skeletal warrior (D:13)
  2 deep elf pyromancers (D:13)
  3 cyclopes
  A manticore (shapeshifter) (D:13)
  Maurice (D:10)
  A black mamba (Lair:2)
  Joseph (D:10)
  4 centaur skeletons (D:13)
  3 cane toads (Lair:1)
  2 unseen horrors
  3 kobold demonologists
  A komodo dragon (Lair:1)
  A hornet (D:10)
  Prince Ribbit (D:8)
  A polar bear (Lair:2)
  2 trolls
  Grinder (D:4)
  5 blink frogs (Lair:2)
  A tarantella (Lair:2)
  A shadow (D:5)
  A wraith (D:11)
  13 yaks
  4 wyverns
  A basilisk (Lair:1)
  2 fire elementals (Lair:2)
  Eustachio (D:5)
  2 vampire mosquitoes (D:11)
  Grum (D:10)
  2 acid dragons
  A water moccasin (Lair:2)
  5 orc warriors
  An ice beast (D:5)
  2 black bears
  3 necrophages
  6 ogres
  2 wolves (D:10)
  8 centaurs
  2 phantoms
  4 bullfrogs
  6 kobold brigands
  A gnoll sergeant (D:8)
  8 scorpions
  A water moccasin skeleton (D:4)
  6 killer bees (D:9)
  14 wights
  2 lava snakes (Lair:2)
  A bullfrog zombie (D:7)
  4 orc priests
  3 centaur zombies
  2 hounds
  Crazy Yiuf (D:2)
  8 jellies
  An orc wizard (D:5)
  Terence (D:2)
  Jessica (D:2)
  2 iguanas
  2 killer bee zombies
  A hound zombie (D:5)
  A hound skeleton (D:4)
  3 howler monkey zombies
  9 adders
  7 gnolls
  A shadow imp (D:7)
  2 white imps
  An ufetubus (D:6)
  2 worms
  6 dart slugs
  26 orcs
  A bat (D:2)
  20 endoplasms
  8 giant cockroaches
  A goblin (D:1)
  3 hobgoblins
  4 quokkas
  2 ball pythons
  14 kobolds
  2 rats
281 creatures vanquished.

Vanquished Creatures (others)
  14 fungi
  11 plants (Lair:2)
25 creatures vanquished.

Grand Total: 306 creatures vanquished

Notes
Turn   | Place    | Note
-------+----------+-------------------------------------------
     0 | D:1      | ZARRMARR the Octopode Conjurer began the quest for the Orb.
     0 | D:1      | Reached XP level 1. HP: 11/11 MP: 3/3
   140 | D:1      | Found a faded altar of an unknown god.
   248 | D:1      | Reached XP level 2. HP: 17/17 MP: 1/5
   618 | D:2      | Reached skill level 1 in Translocations
   643 | D:2      | Reached XP level 3. HP: 20/21 MP: 0/6
   873 | D:2      | Noticed Jessica
   877 | D:2      | Killed Jessica
   889 | D:2      | Reached XP level 4. HP: 27/27 MP: 2/8
  1416 | D:2      | Noticed Terence
  1600 | D:2      | Found a runed translucent door.
  1601 | D:2      | Noticed Crazy Yiuf
  1812 | D:3      | Found Synkihul's Jewellery Shop.
  1904 | D:3      | Found a burning altar of Makhleb.
  2024 | D:3      | Found a blossoming altar of Fedhas.
  2473 | D:3      | Reached XP level 5. HP: 31/31 MP: 7/9
  2715 | D:4      | HP: 1/31 [orc priest (3)]
  2718 | D:4      | Reached skill level 5 in Conjurations
  3227 | D:4      | Noticed Grinder
  3311 | D:4      | Reached XP level 6. HP: 23/36 MP: 6/11
  3724 | D:4      | Learned a level 2 spell: Searing Ray
  3850 | D:5      | Entered Level 5 of the Dungeon
  4312 | D:5      | Noticed a shadow
  4316 | D:5      | Found a staircase to the Ecumenical Temple.
  4317 | D:5      | Noticed an ice beast
  4337 | D:5      | Reached XP level 7. HP: 41/41 MP: 6/13
  4455 | Temple   | Entered the Ecumenical Temple
  4507 | Temple   | Became a worshipper of Sif Muna the Loreminder
  4579 | D:5      | Found an opulent altar of Gozag.
  4680 | D:5      | Found a runed translucent gate.
  4681 | D:5      | Found a runed translucent gate.
  4682 | D:5      | Found a runed translucent gate.
  5004 | D:5      | Reached skill level 5 in Spellcasting
  5004 | D:5      | Reached XP level 8. HP: 46/46 MP: 7/15
  5009 | D:5      | Learned a level 4 spell: Iskenderun's Mystic Blast
  5126 | D:5      | Reached skill level 5 in Translocations
  5433 | D:5      | Noticed RatsInWalls's ghost (novice GnCK)
  5706 | D:5      | Noticed Eustachio
  5715 | D:5      | Killed Eustachio
  6338 | D:6      | Reached XP level 9. HP: 51/51 MP: 12/18
  6617 | D:6      | Found a stormy altar of Qazlal.
  7140 | D:7      | Reached * piety under Sif Muna
  7824 | D:8      | Found a shadowy altar of Dithmenos.
  8514 | D:8      | Found a staircase to the Lair.
  8848 | D:8      | Noticed Prince Ribbit
  8921 | D:8      | Reached XP level 10. HP: 53/56 MP: 7/21
  9041 | D:8      | Reached ** piety under Sif Muna
  9761 | D:9      | Noticed Maggie
  9895 | D:3      | Bought the ring of the Will of the Gods {AC+4 Str+2} for
                  | 472 gold pieces
  9997 | D:2      | Killed Terence
 10077 | D:2      | Killed Crazy Yiuf
 10332 | D:4      | Killed Grinder
 10918 | D:8      | Killed Prince Ribbit
 11064 | D:8      | Found a staircase to the Lair.
 11195 | D:8      | Found a shadowy altar of Dithmenos.
 12092 | D:10     | Entered Level 10 of the Dungeon
 12092 | D:10     | Noticed Maurice
 12107 | D:10     | Noticed a two-headed ogre
 12190 | D:10     | Reached skill level 10 in Conjurations
 12347 | D:10     | Noticed Grum
 12515 | Lair:1   | Entered Level 1 of the Lair of Beasts
 12556 | Lair:1   | Noticed a cane toad
 12697 | Lair:1   | Noticed a cane toad
 12709 | Lair:1   | Reached XP level 11. HP: 61/61 MP: 18/23
 13699 | Lair:2   | Found a hole to the Spider Nest.
 13774 | Lair:2   | Reached skill level 10 in Translocations
 13944 | Lair:2   | Noticed a moth of wrath
 13945 | Lair:2   | Noticed COBRA's ghost (journeyman HOFi)
 13946 | Lair:2   | Noticed a moth of wrath
 13947 | Lair:2   | Noticed a spriggan rider
 13957 | Lair:2   | Noticed a spriggan berserker
 14001 | Lair:2   | Found a transporter.
 14003 | Lair:2   | Found a bloodstained altar of Trog.
 14010 | Lair:2   | Found a transporter.
 14519 | Lair:2   | Noticed a catoblepas
 14722 | Lair:2   | Noticed Urug
 14946 | D:8      | Found a shadowy altar of Dithmenos.
 15364 | D:10     | Killed Grum
 15461 | D:10     | Found a staircase to the Orcish Mines.
 15488 | D:10     | Killed a two-headed ogre
 15492 | D:10     | Reached *** piety under Sif Muna
 15572 | D:10     | Identified a scroll of acquirement
 15573 | D:10     | Acquired a +1 buckler of reflection
 15710 | D:10     | Reached skill level 10 in Spellcasting
 15762 | D:10     | Reached skill level 1 in Shields
 15853 | D:10     | Noticed Joseph
 16420 | D:11     | Reached XP level 12. HP: 66/66 MP: 17/26
 16922 | D:10     | Killed Joseph
 17191 | D:10     | Found a staircase to the Orcish Mines.
 17215 | D:10     | Killed Maurice
 19034 | D:12     | Noticed a boulder beetle
 19319 | D:12     | Noticed a two-headed ogre
 19329 | D:12     | Killed a two-headed ogre
 19644 | D:12     | Reached **** piety under Sif Muna
 20033 | D:12     | Killed a boulder beetle
 20070 | D:12     | Noticed Fannar
 20183 | D:13     | Noticed an ogre mage
 20188 | D:13     | Killed an ogre mage
 20417 | D:13     | Noticed a centaur warrior
 20424 | D:13     | Killed a centaur warrior
 20608 | D:13     | Found a gate to the Vaults.
 20629 | D:13     | Reached XP level 13. HP: 71/71 MP: 22/28
 21017 | D:12     | HP: 1/71 [Fannar/refrigeration (10)]
 21017 | D:12     | Killed from afar by Fannar

Illustrated notes

Levels and vault maps discovered:
D:1:      eino_arrival_water_cross, layout_rooms,
          hellmonk_ecumenical_altar_inner_sanctum
D:2:      layout_basic, uniq_crazy_yiuf_cottage, uniq_jessica, uniq_terence
D:3:      layout_rooms, mainiacjoe_overflow_chevrons, fedhas_ov_isle_minmay,
          serial_shops, nicolae_shop_stone, kennysheep_decorative_pillar
D:4:      layout_basic, uniq_grinder
D:5:      layout_loops_ring, grunt_gozag_breadcrumbs,
          minmay_temple_entry_gardened_gates, gammafunk_ghost_necromancy,
          grunt_decor_clamped, uniq_eustachio
D:6:      layout_loops_ring, kennysheep_mini_moat
D:7:      layout_rooms
D:8:      layout_basic, lemuel_crystal_altar, lair_entry_dummy,
          kennysheep_small_circle, uniq_prince_ribbit1
D:9:      layout_stronghold, amcnicky_altar_gilded, uniq_maggie
D:10:     layout_basic, david_orc_2, uniq_grum, uniq_joseph, uniq_maurice
D:11:     layout_loops_corners
D:12:     lemuel_slime, layout_basic, uniq_jorgrun, uniq_fannar
D:13:     layout_irregular_city, hangedman_vaults_entry_quadrant_bands, tgw_xom
Temple:   nicolae_temple_x_marks_the_god
Lair:1:   layout_regular_city
Lair:2:   layout_chaotic_city, spider_nest_entry_rubble,
          gammafunk_ghost_wrathful_warriors, hibernation_bobbens, uniq_urug

Skill      XL: |  1  2  3  4  5  6  7  8  9 10 11 12 13 |
---------------+----------------------------------------+-----
Translocations | 1 2 3 4 6 7 9 10 11 12 | 12.1
Spellcasting   | 3 4 5 6 7 8 10 11 | 11.4
Conjurations   | 5 6 7 9 10 11 12 | 12.7
Shields        | 2 4 |  4.0
Dodging        | |  2.0
Stealth        | |  2.6

Action                   |  1- 3 |  4- 6 |  7- 9 | 10-12 | 13-15 || total
-------------------------+-------+-------+-------+-------+-------++-------
Melee: Unarmed           |     9 |    60 |       |     1 |       ||    70
       Tentacles         |     3 |     8 |       |       |       ||    11
       Constrict         |     3 |    11 |       |       |       ||    14
 Cast: Magic Dart        |    35 |    87 |    62 |   125 |       ||   309
       Searing Ray       |       |     4 |    63 |   181 |    11 ||   259
       Iskenderun's Myst |       |       |       |    19 |     3 ||    22
Evoke: Wand              |       |       |     1 |    15 |       ||    16
       Phial of floods   |       |       |       |     1 |       ||     1
  Use: Scroll            |       |     3 |     5 |    10 |     1 ||    19
       Potion            |       |     2 |       |     4 |       ||     6
Armor: Skin              |       |     4 |       |    22 |     4 ||    30
Dodge: Dodged            |     4 |    55 |    55 |   194 |    22 ||   330
Block: Buckler           |       |       |       |    35 |     6 ||    41
       Reflection        |       |       |       |    10 |       ||    10
